TOP OF THE 1ST |
Orlando Calrissian batting - Pitching for Greenville 84s : RHP Vicente Durán
|
Pitching: RHP Vicente Durán
|
|
Batting: RHB José Pérez
|
0-0: Ball 1-0: Called Strike 1-1: Ground out 5-3 (Groundball, 56S)
|
Batting: RHB Pepe González
|
0-0: Foul Ball, location: 2F 0-1: Ball 1-1: Swinging Strike 1-2: Foul Ball, location: 2F 1-2: Strikes out swinging
|
Batting: LHB Santiago Márquez
|
0-0: Called Strike 0-1: Called Strike 0-2: Strikes out looking
|
Top of the 1st over - 0 run(s), 0 hit(s), 0 error(s), 0 left on base; Orlando 0 - Greenville 0 |
BOTTOM OF THE 1ST |
Greenville 84s batting - Pitching for Orlando Calrissian : LHP Mark Collins
|
Pitching: LHP Mark Collins
|
|
Batting: RHB Carlos Torres
|
0-0: Ball 1-0: Ball 2-0: Ground out 5-3 (Groundball, 56)
|
Batting: RHB Owen Carter
|
0-0: Fly out, F2 (Popup, 3S)
|
Batting: LHB Brock Larsen
|
0-0: Swinging Strike 0-1: Foul Ball, location: 2F 0-2: Ball 1-2: Ball 2-2: Ball 3-2: Foul Ball, location: 2F 3-2: Foul Ball, location: 2F 3-2: Fly out, F3 (Popup, 3L)
|
Bottom of the 1st over - 0 run(s), 0 hit(s), 0 error(s), 0 left on base; Orlando 0 - Greenville 0 |
TOP OF THE 2ND |
Orlando Calrissian batting - Pitching for Greenville 84s : RHP Vicente Durán
|
Batting: RHB Rich Anderson
|
0-0: Ball 1-0: Ball 2-0: Ball 3-0: Called Strike 3-1: Base on Balls
|
Batting: RHB Raúl Canó
|
0-0: Called Strike 0-1: Ball 1-1: Swinging Strike 1-2: Ball 2-2: Fielders Choice at 2nd, 1-6 (Groundball, 13)
|
Batting: RHB Frederico Hernández
|
0-0: Called Strike 0-1: Foul Ball, location: 2F 0-2: Ball 1-2: Ball 2-2: Ball 3-2: SINGLE (Groundball, 56D) Raúl Canó to second
|
Batting: SHB Brian Price
|
0-0: Ball
|
|
|
|
1-0: Ball 2-0: Called Strike 2-1: Ball 3-1: Foul Ball, location: 2F 3-2: 3-RUN HOME RUN (Flyball, 8RXD), Distance : 449 ft
|
Batting: RHB John Moore
|
0-0: Ground out 6-3 (Groundball, 6)
|
Batting: SHB Jaime Montés
|
0-0: Ball 1-0: Ball 2-0: Ball 3-0: Called Strike 3-1: Base on Balls
|
Batting: RHB José Pérez
|
0-0: Called Strike 0-1: Foul Ball, location: 2F 0-2: Strikes out swinging
|
Top of the 2nd over - 3 run(s), 2 hit(s), 0 error(s), 1 left on base; Orlando 3 - Greenville 0 |
BOTTOM OF THE 2ND |
Greenville 84s batting - Pitching for Orlando Calrissian : LHP Mark Collins
|
Batting: RHB Enzo Díaz
|
0-0: Ball 1-0: Foul Ball, location: 2F 1-1: Fly out, F8 (Flyball, 8LM)
|
Batting: LHB Paco Rosas
|
0-0: Ball 1-0: Fly out, F3 (Popup, 3D)
|
Batting: RHB Robert Buckley
|
0-0: Fly out, F6 (Line Drive, 6)
|
Bottom of the 2nd over - 0 run(s), 0 hit(s), 0 error(s), 0 left on base; Orlando 3 - Greenville 0 |
TOP OF THE 3RD |
Orlando Calrissian batting - Pitching for Greenville 84s : RHP Vicente Durán
|
Batting: RHB Pepe González
|
0-0: Called Strike 0-1: Ball 1-1: Ball 2-1: Foul Ball, location: 2F 2-2: Fly out, F8 (Flyball, 8LM)
|
Batting: LHB Santiago Márquez
|
0-0: Ball 1-0: Called Strike 1-1: Ball 2-1: Called Strike 2-2: Strikes out swinging
|
Batting: RHB Rich Anderson
|
0-0: Ball 1-0: Called Strike 1-1: Swinging Strike 1-2: Strikes out swinging
|
Top of the 3rd over - 0 run(s), 0 hit(s), 0 error(s), 0 left on base; Orlando 3 - Greenville 0 |
BOTTOM OF THE 3RD |
Greenville 84s batting - Pitching for Orlando Calrissian : LHP Mark Collins
|
Batting: LHB George Wood
|
0-0: Swinging Strike 0-1: Swinging Strike 0-2: Ball 1-2: Ground out 1-3 (Groundball, 13)
|
Batting: LHB Robert Moore
|
0-0: Ball 1-0: Fly out, F9 (Flyball, 9S)
|
Batting: SHB Gilberto Guzmán
|
0-0: Ball 1-0: Ball 2-0: Swinging Strike 2-1: Foul Ball, location: 2F 2-2: Fly out, F6 (Line Drive, 6)
|
Bottom of the 3rd over - 0 run(s), 0 hit(s), 0 error(s), 0 left on base; Orlando 3 - Greenville 0 |
TOP OF THE 4TH |
Orlando Calrissian batting - Pitching for Greenville 84s : RHP Vicente Durán
|
Batting: RHB Raúl Canó
|
0-0: Ball 1-0: Called Strike 1-1: Foul Ball, location: 2F 1-2: Strikes out swinging
|
Batting: RHB Frederico Hernández
|
0-0: Ball 1-0: Foul Ball, location: 2F 1-1: Ball 2-1: Fly out, F9 (Flyball, 9S)
|
Batting: SHB Brian Price
|
0-0: Ball 1-0: Ground out U3 (Groundball, 3L)
|
Top of the 4th over - 0 run(s), 0 hit(s), 0 error(s), 0 left on base; Orlando 3 - Greenville 0 |
BOTTOM OF THE 4TH |
Greenville 84s batting - Pitching for Orlando Calrissian : LHP Mark Collins
|
Batting: RHB Carlos Torres
|
0-0: Foul Ball, location: 2F 0-1: Foul Ball, location: 2F 0-2: Foul Ball, location: 2F 0-2: Ball 1-2: Foul Ball, location: 2F 1-2: Foul Ball, location: 2F 1-2: SINGLE (Groundball, 34D)
|
Batting: RHB Owen Carter
|
0-0: Ball 1-0: 2-RUN HOME RUN (Line Drive, 7D), Distance : 374 ft
|
Batting: LHB Brock Larsen
|
0-0: SINGLE (Line Drive, 9S)
|
Batting: RHB Enzo Díaz
|
0-0: Ball 1-0: Foul Ball, location: 2F 1-1: Ball 2-1: SINGLE (Flyball, 89S) Brock Larsen to second Runner from 2nd tries for 3rd, SAFE, throw made to third
|
Batting: LHB Paco Rosas
|
0-0: Ball 1-0: Fly out, F6 (Popup, 6MD)
|
Batting: RHB Robert Buckley
|
0-0: Ball 1-0: Foul Ball, location: 2F 1-1: Swinging Strike 1-2: Ball 2-2: Strikes out looking
|
Batting: LHB George Wood
|
0-0: Foul Ball, location: 2F 0-1: Ball 1-1: Ball 2-1: Ball 3-1: Foul Ball, location: 2F 3-2: Strikes out swinging
|
Bottom of the 4th over - 2 run(s), 4 hit(s), 0 error(s), 2 left on base; Orlando 3 - Greenville 2 |
TOP OF THE 5TH |
Orlando Calrissian batting - Pitching for Greenville 84s : RHP Vicente Durán
|
Batting: RHB John Moore
|
0-0: Ball 1-0: Swinging Strike 1-1: Called Strike 1-2: Strikes out swinging
|
Batting: SHB Jaime Montés
|
0-0: Ball 1-0: Ball 2-0: Ground out 3-1 (Groundball, 34)
|
Batting: RHB José Pérez
|
0-0: Called Strike 0-1: SINGLE (Groundball, 4MD)
|
Batting: RHB Pepe González
|
0-0: Ball 1-0: Called Strike 1-1: Ball Wild Pitch! José Pérez to second 2-1: Ground out 6-3 (Groundball, 56)
|
Top of the 5th over - 0 run(s), 1 hit(s), 0 error(s), 1 left on base; Orlando 3 - Greenville 2 |
BOTTOM OF THE 5TH |
Greenville 84s batting - Pitching for Orlando Calrissian : LHP Mark Collins
|
Batting: LHB Robert Moore
|
0-0: Ball 1-0: Called Strike 1-1: Ball 2-1: Ball 3-1: Base on Balls
|
Batting: SHB Gilberto Guzmán
|
0-0: Ball 1-0: DOUBLE (Line Drive, 78D) Robert Moore to third
|
Batting: RHB Carlos Torres
|
0-0: Ground out 4-3 (Groundball, 4)
|
Batting: RHB Owen Carter
|
0-0: Ball 1-0: Foul Ball, location: 2F 1-1: Foul Ball, location: 2F 1-2: Strikes out swinging
|
Batting: LHB Brock Larsen
|
0-0: Ball 1-0: SINGLE (Line Drive, 7S) Robert Moore scores Gilberto Guzmán to third Throwing error, E7 Gilberto Guzmán scores Brock Larsen to second
|
Batting: RHB Enzo Díaz
|
0-0: Fly out, F7 (Flyball, 7S)
|
Bottom of the 5th over - 2 run(s), 2 hit(s), 1 error(s), 1 left on base; Orlando 3 - Greenville 4 |
TOP OF THE 6TH |
Orlando Calrissian batting - Pitching for Greenville 84s : RHP Vicente Durán
|
Batting: LHB Santiago Márquez
|
0-0: Swinging Strike 0-1: Ball 1-1: Ball 2-1: Foul Ball, location: 2F 2-2: Ball 3-2: SINGLE (Line Drive, 7S)
|
Batting: RHB Rich Anderson
|
0-0: Foul Ball, location: 2F 0-1: Foul Ball, location: 2F 0-2: Ball 1-2: Ball 2-2: Grounds into double play, 4-6-3 (Groundball, 4D)
|
Batting: RHB Raúl Canó
|
0-0: Fly out, F9 (Flyball, 9)
|
Top of the 6th over - 0 run(s), 1 hit(s), 0 error(s), 0 left on base; Orlando 3 - Greenville 4 |
BOTTOM OF THE 6TH |
Greenville 84s batting - Pitching for Orlando Calrissian : LHP Mark Collins
|
Batting: LHB Paco Rosas
|
0-0: Called Strike 0-1: Ball 1-1: Ball 2-1: Ground out 4-3 (Groundball, 4)
|
Batting: RHB Robert Buckley
|
0-0: Foul Ball, location: 2F 0-1: Ground out 5-3 (Groundball, 56S)
|
Batting: LHB George Wood
|
0-0: Ball 1-0: Called Strike 1-1: Foul Ball, location: 2F 1-2: Strikes out swinging
|
Bottom of the 6th over - 0 run(s), 0 hit(s), 0 error(s), 0 left on base; Orlando 3 - Greenville 4 |
TOP OF THE 7TH |
Orlando Calrissian batting - Pitching for Greenville 84s : RHP Vicente Durán
|
Batting: RHB Frederico Hernández
|
0-0: Ball 1-0: Swinging Strike 1-1: Foul Ball, location: 2F 1-2: Foul Ball, location: 2F 1-2: Foul Ball, location: 2F 1-2: Foul Ball, location: 2F 1-2: Ball 2-2: Ball 3-2: SINGLE (Line Drive, 6MD)
|
Batting: SHB Brian Price
|
0-0: Called Strike 0-1: Ball 1-1: Called Strike 1-2: Strikes out swinging
|
Pinch Hitting: SHB Cristo Ontiveros
|
0-0: Called Strike 0-1: Called Strike 0-2: Ball 1-2: Strikes out looking
|
Pinch Hitting: LHB Danny Allen
|
0-0: Ball 1-0: Ball 2-0: Foul Ball, location: 2F 2-1: Ball 3-1: Base on Balls Frederico Hernández to second
|
Batting: RHB José Pérez
|
0-0: Ball 1-0: Ball 2-0: Called Strike 2-1: Swinging Strike 2-2: Ball 3-2: Strikes out swinging
|
Top of the 7th over - 0 run(s), 1 hit(s), 0 error(s), 2 left on base; Orlando 3 - Greenville 4 |
BOTTOM OF THE 7TH |
Greenville 84s batting - Pitching for Orlando Calrissian : LHP Mark Collins
|
Now at 1B: Danny Allen
|
|
Now at 2B: Enrique Bermúdez
|
|
Batting: LHB Robert Moore
|
0-0: Ball 1-0: Swinging Strike 1-1: Ball 2-1: SINGLE (Groundball, 4D)
|
Batting: SHB Gilberto Guzmán
|
0-0: Sac Bunt - play at second, runner safe!
|
Batting: RHB Carlos Torres
|
0-0: Bunted foul 0-1: Sac Bunt - play at first, batter OUT! 1-4 Robert Moore to third Gilberto Guzmán to second
|
Batting: RHB Owen Carter
|
0-0: Intentional Walk
|
Batting: LHB Brock Larsen
|
0-0: Called Strike 0-1: Called Strike 0-2: Fly out, F7 (Flyball, 7) Runner from 3rd tags up, SCORES, throw made
|
Batting: RHB Enzo Díaz
|
0-0: Ball 1-0: Called Strike 1-1: Foul Ball, location: 2F 1-2: Ground out 4-3 (Groundball, 4S)
|
Bottom of the 7th over - 1 run(s), 1 hit(s), 0 error(s), 2 left on base; Orlando 3 - Greenville 5 |
TOP OF THE 8TH |
Orlando Calrissian batting - Pitching for Greenville 84s : RHP Vicente Durán
|
Batting: RHB Pepe González
|
0-0: Ball 1-0: Ball 2-0: Ball 3-0: Called Strike 3-1: Base on Balls
|
Pitching: RHP Paco Ruíz
|
|
Batting: LHB Santiago Márquez
|
0-0: Called Strike 0-1: Swinging Strike 0-2: Strikes out swinging
|
Pitching: RHP Kenshin Kubota
|
|
Batting: RHB Rich Anderson
|
0-0: Ball 1-0: Called Strike 1-1: Ball 2-1: Called Strike 2-2: Foul Ball, location: 2F 2-2: Ball 3-2: Foul Ball, location: 2F 3-2: Foul Ball, location: 2F 3-2: DOUBLE (Line Drive, 89M) Pepe González to third Pepe González scores
|
Batting: RHB Raúl Canó
|
0-0: Ball 1-0: Ball 2-0: Called Strike 2-1: Foul Ball, location: 2F 2-2: Strikes out swinging
|
Batting: RHB Frederico Hernández
|
0-0: Foul Ball, location: 2F 0-1: Called Strike 0-2: Strikes out swinging
|
Top of the 8th over - 1 run(s), 1 hit(s), 0 error(s), 1 left on base; Orlando 4 - Greenville 5 |
BOTTOM OF THE 8TH |
Greenville 84s batting - Pitching for Orlando Calrissian : LHP Mark Collins
|
Batting: LHB Paco Rosas
|
0-0: Called Strike 0-1: Called Strike 0-2: SOLO HOME RUN (Flyball, 89XD), Distance : 390 ft
|
Batting: RHB Robert Buckley
|
0-0: Ball 1-0: Called Strike 1-1: Ball 2-1: Foul Ball, location: 2F 2-2: Strikes out looking
|
Batting: LHB George Wood
|
0-0: Ball 1-0: SINGLE (Groundball, 4MD)
|
Batting: LHB Robert Moore
|
0-0: Foul Ball, location: 2F 0-1: Swinging Strike 0-2: Strikes out swinging
|
Pitching: RHP Dave Heath
|
|
Batting: SHB Gilberto Guzmán
|
0-0: Ball 1-0: Called Strike George Wood steals 2nd base 1-1: Called Strike 1-2: Foul Ball, location: 2F 1-2: Ball 2-2: Ball 3-2: Foul Ball, location: 2F 3-2: Foul Ball, location: 2F 3-2: Foul Ball, location: 2F 3-2: Ground out U3 (Groundball, 3L)
|
Bottom of the 8th over - 1 run(s), 2 hit(s), 0 error(s), 1 left on base; Orlando 4 - Greenville 6 |
TOP OF THE 9TH |
Orlando Calrissian batting - Pitching for Greenville 84s : RHP Kenshin Kubota
|
Pitching: LHP Francisco Ríos
|
|
Batting: SHB Brian Price
|
0-0: Foul Ball, location: 2F 0-1: Swinging Strike 0-2: Ball 1-2: Strikes out swinging
|
Batting: RHB Enrique Bermúdez
|
0-0: Swinging Strike 0-1: Called Strike 0-2: Strikes out swinging
|
Batting: LHB Danny Allen
|
0-0: Ball 1-0: Foul Ball, location: 2F 1-1: Swinging Strike 1-2: Ball 2-2: Strikes out looking
|
Top of the 9th over - 0 run(s), 0 hit(s), 0 error(s), 0 left on base; Orlando 4 - Greenville 6 |
|
Thursday, March 30th, 2017 - OOTP Baseball 17.12 Build 75
|
|